← All builds
Geo sea / Armada / Economy first / OBSERVED BUILD

Standard geo sea

Armada Geo sea build order · Supreme Isthmus

The role's baseline: bot lab then shipyard in the cove, early destroyer and submarine to contest the sea, with geothermal powering the economy as the game transitions into a naval/amphibious mix.

Usually shipyard in the cove (88%)

#naval #eco · 1458 distinct matches · 181 players · 78% of Armada Geo sea games · team won 54% of 1616 · Recently observed

HOW TO PLAY IT

Key timing: Shipyard by 3:12

  1. Open 3 mex and wind, then drop Bot Lab by 1:12.
  2. Build Shipyard in the cove to start the naval contest.
  3. Pump submarine then destroyer to contest enemy sea entry.
  4. Add geothermal powerplant to fund the economy transition.
  5. Upgrade to Advanced Metal Extractor as eco scaling finishes.

Phase by phase

TYPICAL OF ITS 1458 GAMES
  1. 1
  2. 2
  3. 3
  4. 4
PLAY THE OPENING

Follow the example game's first 6:00 step by step: what to build now, what comes next, and where it goes. At 1× it keeps pace with your own game.

  1. 1

    Up to the Bot Lab

    Economy
    • Metal Extractor3Mex
    • Wind Turbine3Wind
    Order
    1. Bot LabBot Lab after 3 mex, 3 winddone ~1:12, middle half 1:06–1:18

    Some games also: wind for allies (45%)

    By 0:55 in all: 3 mex · 3 wind

    The example game in this phase · 3 steps
    1. Mex ×3
    2. Wind ×6
    3. Bot LabBot Labdone 1:24 · typical 1:12
  2. 2

    Bot Lab to Shipyard

    Economy
    • Metal Extractor1Mex
    • Wind Turbine1Wind
    Order
    1. ShipyardShipyard after 4 mex, 4 winddone ~3:11, middle half 2:48–3:36
    Builders
    • Construction Bot3 Con bot
    • Lazarus2 Lazarus

    Some games also: pawn (41%) · con turret (39%) · crossbow (38%)

    By 2:47 in all: 4 mex · 4 wind

    The example game in this phase · 11 steps
    1. CrossbowCrossbow
    2. Construction BotCon bot ×2
    3. LazarusLazarus
    4. Construction BotCon bot
    5. Mex
    6. PawnPawn
    7. AnemoneAnemone
    8. Construction BotCon bot
    9. Con turret
    10. Mex
    11. ShipyardShipyarddone 3:23 · typical 3:11
  3. 3

    Shipyard to 5:00

    Economy
    • Metal Extractor4Mex
    • Wind Turbine2Wind
    Order
    1. Bot LabEat Bot Lab
    Builders
    • Construction Ship1 Con ship
    Army
    • Dolphin3 Dolphin
    • Skater1 Skater
    Other
    • Radar Tower1 Radar Tower

    Some games also: destroyer (47%) · submarine (45%) · Sentry (44%) · converter (33%) · con turret (32%)

    By 5:00 in all: 8 mex · 7 wind · 1 energy storage · 1 con turret

    The example game in this phase · 12 steps
    1. EllysawFrigate ×2
    2. Mex
    3. SentrySentry
    4. Construction ShipCon ship
    5. Wind
    6. SentrySentry
    7. EelSubmarinedone 4:55 · typical 4:28
    8. SentrySentry ×2
    9. Mex
    10. Wind
    11. Bot LabEat Bot Labreclaimed for its metal
    12. DolphinDolphin
  4. 4

    5:00 to 10:00

    Economy
    • Metal Extractor2Mex
    • Wind Turbine12Wind
    • Energy Converter3Converter
    Builders
    • Construction Turret1 Con turret
    • Grim Reaper1 Grim Reaper
    • Construction Ship1 Con ship
    Army
    • Sentry1 Sentry
    • Dolphin4 Dolphin
    • Skater2 Skater
    • Corsair2 Destroyer

    Some games also: Harpoon (42%) · geo (42%) · frigate (42%) · Naval Construction Turret (35%) · submarine (30%)

    By 10:00 in all: 11 mex · 20 wind · 1 geo · 4 converter · 1 energy storage · 2 con turret

    The example game in this phase · 45 steps
    1. Con turret
    2. DolphinDolphin
    3. SentrySentry
    4. Wind
    5. SkaterSkater
    6. Mex
    7. EllysawFrigate
    8. NettleNettle
    9. Wind
    10. CorsairDestroyerdone 7:08 · typical 5:41
    11. SentrySentry
    12. Naval Radar / Sonar TowerNaval Radar / Sonar Tower
    13. Wind
    14. Converter ×2
    15. NettleNettle
    16. Wind
    17. Converter
    18. Wind
    19. Geothermal PowerplantGeodone 8:55 · typical 7:52
    20. SkaterSkater
    21. Mex
    22. Wind ×2
    23. Naval Construction Turret
    24. Wind
    25. Mex
    26. Wind
    27. CorsairDestroyer
    28. Wind
    29. Grim ReaperGrim Reaper
    30. Wind
    31. Advanced Metal ExtractorT2 mexdone 10:35 · typical 9:20
    32. Wind
    33. Grim ReaperGrim Reaper
    34. HarpoonHarpoon
    35. Wind ×3
    36. CorsairDestroyer
    37. Wind ×5
    38. CorsairDestroyer
    39. Wind ×6
    40. CorsairDestroyer
    41. Wind
    42. CorsairDestroyer
    43. Wind
    44. Advanced Metal ExtractorT2 mex
    45. Wind ×3

Counts are medians over the build's games: half of them build more, half fewer. The example game is DarkandDarker's (31 OS, 22/08/2026); pick another.

Team trades

IN AT LEAST 30% OF ITS GAMES

You hand over

  • Wind Turbine2 Wind to Airfirst at 1:40 · in 64% of games

You get

  • Finch1 Finch from Airfirst at 1:52 · in 74% of games
  • Hercules1 Light transport from Airfirst at 2:04 · in 65% of games
  • Advanced Construction Bot1 T2 con bot from Techfirst at 7:42 · in 90% of games

How it plays out

Typical game of this build, running totals by minute

Metal produced

010k20k30k
0:005:0010:0015:00

metal

Enemy metal destroyed

05k10k
0:005:0010:0015:00

metal

Own metal lost

02.5k5k7.5k
0:005:0010:0015:00

metal

1616 games.

Show as table
ByMetal produced: This buildEnemy metal destroyed: This buildOwn metal lost: This build
1:0039500
2:0092800
3:00160000
4:002880040
5:00412819052
6:005516531295
7:007059986623
8:00873116711033
9:001059924541589
10:001282433632235
11:001542644373097
12:001853154833757
13:002188564794572
14:002555075665361
15:002917684796108
WHAT THE NUMBERS SAY

Standard Geo sea play wins slightly less than half the time but builds a strong metal base by 15:00 with moderate losses.

  • + Metal produced reaches 29210 by 15:00, well above Beach sea's early pace.
  • + Corsair (destroyer) makes up 34% of army, a clear naval focus.
  • − Own metal lost climbs to 6339 by 15:00 from sea skirmishes.
  • − Geothermal only completes in 58% of games, an inconsistent power spike.
THE EXAMPLE YOU ARE READING

DarkandDarker

31.3 OS · 22/08/2026

Open source match ↗

3 received units · includes a constructor
233 metal received · 6195 energy received

Allied construction assistance is unknown. Timings are observations, not a promise of solo reproducibility.

Typical milestones

Bot Lab1:12Middle 50%: 1:06–1:18 · n=1572
Shipyard3:11Middle 50%: 2:48–3:36 · n=1594
Eel4:28Middle 50%: 3:46–5:37 · n=994
Corsair5:41Middle 50%: 4:58–6:42 · n=1488
Geothermal Powerplant7:52Middle 50%: 6:49–9:29 · n=1032
Advanced Metal Extractor9:20Middle 50%: 8:37–10:08 · n=1418

Played most by

_X_137games of this buildJesterB71games of this buildOptimusprimenutt61games of this buildhaaven55games of this buildpyrothraxus51games of this build